Map: Eternal Empire LE

Players

쓱쓱싹싹

  • Race: Zerg Zerg
  • League: Master
  • Spawn Location: 7:00

KimJongAdun - Winner!

  • Race: Protoss Protoss
  • League: Master
  • Spawn Location: 1:00

VOD

Have the link to the VOD?

Description

Time

  • Played on: Aug. 25, 2020, 10:07 a.m.
  • Length: 8:26
Show
View Real Time Build Order
Export as new Build Order

쓱쓱싹싹 Zerg 

Build Orders: Hatch First 

Get SALT Encoding   

  12  0:00  Drone  
  13  0:12  Overlord  
  13  0:17  Drone  
  14  0:30  Drone x2  
  16  0:48  Hatchery  
  15  0:51  Drone  
  15  0:56  Drone  
  17  1:00  Drone  
  18  1:09  Extractor  
  17  1:15  Spawning Pool  
  17  1:17  Drone  
  17  1:20  Drone  
  18  1:28  Drone  
  19  1:38  Drone  
  20  1:49  Overlord  
  20  2:01  Queen x2  
  20  2:02  Zergling x4  
  26  2:13  Drone x2  
  28  2:27  Hatchery, Drone  
  28  2:34  Drone x2  
  30  2:42  Drone  
  31  2:44  Metabolic Boost  
  31  2:47  Overlord  
  31  2:52  Queen  
  31  2:55  Drone  
  34  3:00  Drone x2  
  36  3:06  Drone x2  
  38  3:14  Overlord  
  38  3:15  Drone  
  38  3:16  Drone x2  
  41  3:22  Drone  
  42  3:28  Queen  
  42  3:32  Drone x2  
  42  3:34  Spore Crawler  
  45  3:39  Drone x2  
  45  3:40  Queen  
  49  3:43  Drone  
  50  3:52  Overlord  
  50  3:53  Zergling x6  
  53  3:58  Overlord  
  53  4:03  Roach Warren  
  53  4:04  Drone  
  53  4:06  Drone  
  54  4:10  Drone x2  
  54  4:13  Drone x3  
  59  4:20  Drone x2  
  59  4:23  Extractor  
  58  4:43  Roach x5  
  66  4:48  Overlord  
  66  4:52  Spore Crawler  
  65  4:55  Spore Crawler  
  65  4:59  Drone x11  
  73  5:01  Drone, Extractor x2  
  72  5:09  Lair  
  72  5:15  Overlord  
  72  5:16  Overlord  
  68  5:23  Drone x2  
  67  5:34  Overlord  
  67  5:36  Roach x6  
  79  5:44  Hatchery  
  78  5:51  Drone, Evolution Chamber  
  78  5:54  Drone x6  
  84  6:06  Glial Reconstitution  
  84  6:08  Drone x5  
  89  6:16  Zerg Missile Weapons Level 1  
  89  6:19  Overlord  
  89  6:26  Drone x2  
  89  6:28  Extractor x2  
  89  6:29  Overlord  
  89  6:30  Overseer  
  89  6:35  Drone  
  89  6:36  Infestation Pit  
  89  6:40  Drone  
  89  6:41  Drone x4  
  89  6:42  Drone  
  95  6:50  Roach  
  96  6:55  Roach x3  
  97  7:02  Drone x2  
  97  7:06  Drone x3  
  100  7:09  Roach  
  100  7:10  Roach x2  
  106  7:19  Overlord x3  
  106  7:25  Overlord, Hatchery, Hydralisk Den  
  104  7:37  Overlord  
  104  7:39  Ravager x10  
  104  7:40  Roach x3  
  104  7:43  Roach  
  104  7:44  Roach  
  118  7:52  Roach x4  
  118  7:53  Roach  
  113  7:58  Roach  
  113  7:59  Roach  
  116  8:06  Roach x5  
  105  8:22  Ravager  
Show
View Real Time Build Order
Export as new Build Order

KimJongAdun Protoss - Winner!

Build Orders: 1 Gate Expand, Zealot Archon, Archon Drop, Dark Templar Rush 

Get SALT Encoding   

  12  0:00  Probe  
  13  0:12  Probe  
  14  0:17  Pylon  
  14  0:24  Probe (Chrono Boost)  
  15  0:37  Probe (Chrono Boost)  
  15  0:38  Gateway  
  16  0:44  Probe (Chrono Boost)  
  16  0:47  Assimilator  
  17  0:51  Probe  
  18  1:03  Probe  
  19  1:21  Nexus  
  19  1:24  Probe  
  20  1:34  Cybernetics Core  
  20  1:38  Probe  
  21  1:45  Assimilator  
  21  1:50  Probe  
  22  1:54  Pylon  
  22  2:07  Probe  
  23  2:09  Adept (Chrono Boost)  
  23  2:12  Warp Gate  
  25  2:19  Probe (Chrono Boost)  
  26  2:23  Twilight Council  
  26  2:33  Probe (Chrono Boost)  
  26  2:35  Probe (Chrono Boost)  
  26  2:36  Adept  
  30  2:42  Probe (Chrono Boost)  
  30  2:43  Probe (Chrono Boost)  
  32  2:47  Probe (Chrono Boost)  
  32  2:50  Probe  
  34  2:55  Robotics Facility  
  34  2:59  Probe  
  34  3:02  Probe  
  36  3:11  Probe, Stalker  
  39  3:14  Probe  
  40  3:23  Probe  
  40  3:24  Dark Shrine  
  40  3:26  Probe  
  42  3:36  Gateway  
  42  3:37  Gateway  
  42  3:40  Warp Prism (Chrono Boost)  
  42  3:45  Probe  
  42  3:47  Probe  
  46  3:55  Pylon  
  46  4:01  Assimilator  
  46  4:02  Assimilator  
  46  4:13  Probe x2  
  48  4:25  Probe x2  
  50  4:36  Dark Templar x2  
  54  4:43  Pylon  
  50  4:46  Probe x2  
  50  4:49  Nexus  
  50  4:51  Pylon  
  52  4:55  Dark Templar  
  54  5:00  Pylon  
  54  5:01  Probe  
  54  5:06  Probe  
  56  5:13  Probe  
  57  5:18  Probe  
  58  5:25  Probe  
  58  5:27  Immortal (Chrono Boost)  
  59  5:29  Charge (Chrono Boost), Gateway  
  59  5:30  Gateway  
  59  5:31  Gateway  
  59  5:33  Sentry x2, Gateway  
  59  5:34  Sentry  
  69  5:37  Shield Battery  
  69  5:46  Probe x2  
  71  5:51  Shield Battery  
  71  5:52  Pylon  
  71  6:01  Dark Templar x2, Immortal (Chrono Boost)  
  79  6:13  Gateway  
  79  6:14  Archon  
  79  6:15  Dark Templar  
  79  6:17  Archon  
  81  6:21  Archon  
  81  6:25  Probe x2  
  83  6:27  Pylon  
  83  6:39  Immortal  
  87  6:40  Dark Templar x2  
  87  6:41  Zealot  
  93  6:49  Archon, Probe  
  93  6:50  Zealot x3  
  100  7:06  Dark Templar x2  
  104  7:10  Pylon  
  104  7:11  Pylon  
  104  7:12  Pylon  
  104  7:14  Archon  
  107  7:20  Dark Templar  
  107  7:21  Dark Templar  
  108  7:24  Archon, Observer  
  108  7:28  Zealot x4  
  117  7:37  Pylon  
  117  7:39  Zealot  
  117  7:40  Zealot  
  121  7:44  Zealot x3  
  101  8:15  Zealot x7  
  101  8:16  Zealot  
Tags
 
Add a new tag
Caveats
  • Supply blocks, unpowered buildings, or Contaminate may cause inaccurate times.
  • Supply counts are checked every 10 seconds.